AoeStats
← Sodythaek

Arabia

510892103Analyzed
1v1 RM · 12h ago on Oct 3, 2026· 23m 56s· 2 players
Game mode
Random Map
Map size
Tiny (2 player)
Population
200
Speed
Normal
Resources
Standard
Victory
Conquest
Starting age
Dark Age
Ending age
Imperial Age
RankedLock teamsTeams togetherTeam positionsShared explorationLock speedFull tech treeHidden civsTurbo modeCheats
Victory
Defeat
🇩🇪 Spanish · Germany
1334
+16
🇫🇷 Poles · France
1333
-16
Sodythaek
6:50 Loom
9:54 Feudal Age
11:07 Double-Bit Axe
13:45 Town Watch
19:03 Scale Barding Armor
24:19 Castle Age
23:33 Bloodlines
23:19 Horse Collar
24:20 Forging
kinghandles
6:33 Loom
9:20 Feudal Age
9:58 Double-Bit Axe
9:54 Horse Collar
20:40 Castle Age
20:19 Scale Barding Armor
22:12 Forging
22:55 Chain Barding Armor
25:08 Iron Casting
Connection lost

Rejoining the realm…

Still unreachable

The connection could not be restored.

Session expired

The server has moved on; the page needs a fresh start.